 Dungeon Crawl Stone Soup version 0.28.0-43-g3370ac3207 (webtiles) character file.

Game seed: 6006188120501342203

3947 Peloso the Carver (level 10, -15/88 HPs)
             Began as a Minotaur Fighter on Mar 23, 2022.
             Demolished by Harold
             ... wielding a +4 trident of freezing
              (18 damage)
             ... on level 1 of the Lair of Beasts.
             The game lasted 00:15:34 (8347 turns).

Peloso the Carver (Minotaur Fighter)                Turns: 8347, Time: 00:15:35

Health: -15/88     AC: 15    Str: 23    XL:     10   Next: 2%
Magic:  9/9        EV:  7    Int:  5    God:
Gold:   402        SH:  5    Dex: 12    Spells: 9/9 levels left

rFire   . . .      SeeInvis .   a - +1 long sword
rCold   . . .      Faith    .   c - +0 buckler
rNeg    . . .      Spirit   .   f - +0 plate armour
rPois   .          Reflect  .   (helmet restricted)
rElec   .          Harm     .   g - +0 cloak
rCorr   +          Rampage  .   (no gloves)
Will    .....                   (no boots)
Stlth   ..........              (no amulet)
HPRegen 0.24/turn               h - ring of resist corrosion
MPRegen 0.11/turn               (no ring)

@: marked
A: horns 2, retaliatory headbutt
a: no special abilities


You were on level 1 of the Lair of Beasts.
You visited 2 branches of the dungeon, and saw 9 of its levels.

You collected 435 gold pieces.
You spent 33 gold pieces at shops.

Inventory:

Hand Weapons
 a - a +1 long sword (weapon)
Armour
 b - a +0 scale mail
 c - a +0 buckler (worn)
 f - a +0 plate armour (worn)
 g - a +0 cloak (worn)
 x - a +0 scale mail of fire resistance
Jewellery
 h - a ring of resist corrosion (left hand)
 j - an amulet of magic regeneration
Wands
 o - a wand of flame (19)
 z - a wand of digging (4)
Scrolls
 d - 2 scrolls of identify
 i - 3 scrolls of summoning
 k - a scroll of blinking
 m - a scroll of amnesia
 s - a scroll of magic mapping
 t - 2 scrolls of enchant weapon
Potions
 e - a potion of cancellation
 l - 2 potions of brilliance
 n - a potion of haste {unknown}
 p - 2 potions of mutation {unknown}
 r - 4 potions of lignification {unknown}
 v - a potion of berserk rage {unknown}
 w - 2 potions of resistance {unknown}


   Skills:
 + Level 7.9 Fighting
 + Level 11.7 Long Blades
 + Level 9.6 Armour
 + Level 2.1 Dodging
 + Level 0.6 Stealth
 + Level 6.5 Shields


You had 9 spell levels left.
You didn't know any spells.
Your spell library contained the following spells:

 Spells                   Type           Power      Damage    Failure   Level
 Beastly Appendage        Tmut           0%         N/A       100%        1
 Wereblood                Tmut           0%         N/A       100%        2
 Spider Form              Tmut/Pois      0%         N/A       100%        3


Dungeon Overview and Level Annotations

Branches:
Dungeon (8/15)               Lair (1/6) D:8
 Temple: D:4-7

Altars:
Elyvilon
Gozag
Uskayaw

Shops:
D:4 !

Annotations:
Lair:1 Harold


Innate Abilities, Weirdness & Mutations

You have a pair of horns on your head.
You reflexively headbutt those who attack you in melee.


Message History

Harold fires a harpoon shot at you. The harpoon shot hits you.
You are yanked forward by the harpoon shot.
Harold splashes around in the water.
Harold hits you with a +4 trident of freezing!
Harold freezes you.
You hit Harold. You headbutt Harold!
Harold is moderately wounded.
Harold hits you with a +4 trident of freezing.
Harold freezes you.
You hit Harold. You headbutt Harold.
Harold is moderately wounded.
Harold completely misses you.
You slash Harold!
Harold is heavily wounded.
Harold hits you with a +4 trident of freezing.
* * * LOW HITPOINT WARNING * * *
Harold freezes you.
* * * LOW HITPOINT WARNING * * *
You hit Harold but do no damage. You headbutt Harold!
Harold is heavily wounded.
You block Harold's attack.
You slash Harold! Your headbutt misses Harold.
Harold is severely wounded.
Harold hits you with a +4 trident of freezing!
* * * LOW HITPOINT WARNING * * *
Harold freezes you.
* * * LOW HITPOINT WARNING * * *
You feel better.
Harold hits you with a +4 trident of freezing!
* * * LOW HITPOINT WARNING * * *
Harold freezes you.
* * * LOW HITPOINT WARNING * * *
You hit Harold but do no damage.
Harold is severely wounded.
Harold splashes around in the water.
You hit Harold. Your headbutt misses Harold.
Harold is severely wounded.
Harold hits you with a +4 trident of freezing!!
You die...

#####.≈≈≈≈≈≈≈...##
......≈≈≈≈≈≈≈≈≈....
......≈≈≈≈≈≈≈≈≈...P
...#..≈≈≈≈≈≈≈≈≈≈..#
....≈≈≈≈.<.≈≈≈...#
.#...≈≈≈≈.≈≈≈≈....
##..≈≈≈≈≈≈≈≈≈≈..#
#..≈@≈≈≈≈≈≈≈....
#.#≈@≈≈≈≈≈≈....#
#.#..≈.≈≈..#...# #
#......#.#...#
#.P....#.# ...
#.#...?#..
#.#.).... .
#......#.#
#.#....#.#
#.#......


You could see Harold.

Vanquished Creatures
  A two-headed ogre (D:8)
  Joseph (D:8)
  Maggie (D:6)
  A steam dragon (D:6)
  Menkaure (D:7)
  A water moccasin (D:8)
  2 acid dragons
  2 orc warriors
  A necrophage (D:3)
  A hornet zombie (D:5)
  A black bear (D:5)
  2 ogres (D:6)
  2 centaurs
  A phantom (D:6)
  A kobold brigand (D:7)
  4 bullfrogs
  A scorpion (D:5)
  A wyvern skeleton (D:7)
  2 howler monkeys (D:8)
  2 centaur zombies
  2 hounds
  A centaur skeleton (D:6)
  4 orc priests
  A bullfrog skeleton (D:6)
  Ijyb (D:4)
  5 orc wizards
  2 iguanas
  A killer bee zombie (D:6)
  A hound zombie (D:5)
  A gnoll (D:1)
  11 adders
  4 white imps
  An ufetubus (D:7)
  4 worms (D:2)
  3 dart slugs
  25 orcs
  6 ball pythons (D:1)
  6 endoplasms
  2 giant cockroaches
  4 goblins
  6 hobgoblins
  13 jackals
  4 quokkas
  4 bats
  3 frilled lizards (D:1)
  11 kobolds
  10 rats
165 creatures vanquished.

Vanquished Creatures (others)
  An orc (D:4)
  2 plants (D:7)
3 creatures vanquished.

Grand Total: 168 creatures vanquished

Notes
Turn   | Place    | Note
-------+----------+-------------------------------------------
     0 | D:1      | Peloso the Minotaur Fighter began the quest for the Orb.
     0 | D:1      | Reached XP level 1. HP: 19/19 MP: 0/0
   147 | D:1      | Reached XP level 2. HP: 25/27 MP: 1/1
   445 | D:1      | Reached XP level 3. HP: 32/33 MP: 2/2
  1102 | D:2      | Reached skill level 3 in Long Blades
  1114 | D:2      | Found an opulent altar of Gozag.
  1163 | D:2      | Reached skill level 1 in Dodging
  1163 | D:2      | Reached XP level 4. HP: 40/40 MP: 3/3
  1913 | D:3      | Reached skill level 5 in Armour
  1977 | D:3      | Reached XP level 5. HP: 41/46 MP: 4/4
  2087 | D:3      | Found a faded altar of an unknown god.
  2568 | D:3      | Found a white marble altar of Elyvilon.
  2577 | D:3      | Found a hide-covered altar of Uskayaw.
  2701 | D:4      | Noticed a necrophage
  2717 | D:3      | Killed a necrophage
  2718 | D:3      | Reached skill level 4 in Long Blades
  2768 | D:4      | Reached XP level 6. HP: 53/53 MP: 5/5
  2801 | D:4      | Noticed Ijyb
  2813 | D:4      | Killed Ijyb
  2881 | D:4      | Reached skill level 5 in Long Blades
  2998 | D:4      | Found Taxt's Distillery.
  3006 | D:4      | Bought a potion of curing for 33 gold pieces
  3329 | D:4      | Reached skill level 5 in Fighting
  3666 | D:5      | Entered Level 5 of the Dungeon
  3992 | D:5      | Reached skill level 6 in Long Blades
  3992 | D:5      | Reached XP level 7. HP: 32/61 MP: 6/6
  5163 | D:6      | Noticed Maggie
  5170 | D:6      | Reached skill level 7 in Long Blades
  5173 | D:6      | Killed Maggie
  5174 | D:6      | Reached XP level 8. HP: 35/70 MP: 7/7
  5399 | D:6      | Reached skill level 8 in Long Blades
  5399 | D:6      | Reached skill level 5 in Shields
  5744 | D:6      | Identified the +9 quarterstaff of Eternal Vigilance
                  | {vorpal, rC+ Int+4}
  6039 | D:7      | Noticed a two-headed ogre
  6143 | D:7      | Reached skill level 9 in Long Blades
  6222 | D:7      | Noticed Menkaure
  6237 | D:7      | Killed Menkaure
  6479 | D:7      | Reached XP level 9. HP: 60/78 MP: 8/8
  6614 | D:7      | Noticed a skeletal warrior
  6636 | D:7      | Reached skill level 10 in Long Blades
  7182 | D:8      | Noticed Joseph
  7198 | D:8      | Killed Joseph
  7249 | D:8      | Noticed a two-headed ogre
  7279 | D:8      | Killed a two-headed ogre
  7280 | D:8      | Reached skill level 11 in Long Blades
  7817 | D:8      | Noticed a troll
  8003 | D:8      | Reached XP level 10. HP: 26/88 MP: 9/9
  8297 | D:8      | Noticed a brown ugly thing
  8297 | D:8      | Noticed a red ugly thing
  8297 | D:8      | Noticed a deep elf pyromancer
  8301 | D:8      | Found a staircase to the Lair.
  8306 | Lair:1   | Entered Level 1 of the Lair of Beasts
  8310 | Lair:1   | Noticed Harold
  8345 | Lair:1   | HP: 3/88 [Harold/+4 trident of freezing (2)]
  8347 | Lair:1   | Demolished by Harold

Illustrated notes

Levels and vault maps discovered:
D:1:      lightli_arrival_statue_moat, layout_loops_cross
D:2:      layout_rooms, basic_altar
D:3:      layout_loops_ring, mainiacjoe_overflow_swirl,
          hellmonk_ecumenical_altar_slurped_away
D:4:      layout_rooms, serial_shops, shop, uniq_ijyb
D:5:      layout_cave_pods
D:6:      layout_basic, uniq_maggie
D:7:      minmay_chambers_of_sixes, layout_basic, jmf_multi_god_temple,
          minmay_temple_entry_gardened_gates, uniq_menkaure,
          uniq_crazy_yiuf_cottage
D:8:      layout_basic, lair_entry_dummy, grunt_decor_arrowhead,
          minmay_the_grid_2x2 [minmay_the_grid_outer_diamond,
          minmay_the_grid_broken_lines, minmay_the_grid_pillar_ring,
          minmay_the_grid_prize_shrinking_boxes], uniq_joseph
Lair:1:   layout_long_grid, nicolae_lair_lakeside_cave,
          infiniplex_staircase_pool_2, uniq_harold

Skill      XL: |  1  2  3  4  5  6  7  8  9 |
---------------+----------------------------+-----
Shields        | 4 5 6 |  6.5
Armour         | 4 5 6 7 8 9 |  9.6
Fighting       | 4 5 6 7 |  7.9
Long Blades    | 3 4 6 7 9 11 | 11.7
Dodging        | 1 2 |  2.1
Stealth        | |  0.6

Action                   |  1- 3 |  4- 6 |  7- 9 | 10-12 || total
-------------------------+-------+-------+-------+-------++-------
Melee: Long sword        |   108 |   187 |   230 |    15 ||   540
       Headbutt          |     9 |    22 |    51 |     4 ||    86
  Use: Scroll            |       |     6 |     9 |       ||    15
       Potion            |       |     2 |     1 |     1 ||     4
Armor: Scale mail        |    53 |    26 |       |       ||    79
       Plate armour      |       |    93 |   143 |    19 ||   255
Dodge: Dodged            |    57 |    58 |    66 |     4 ||   185
Block: Buckler           |    24 |    42 |    45 |     2 ||   113
